Map: Lerilak Crest

Players

Spydeezy - Winner!

  • Race: Zerg Zerg
  • League: Grandmaster

Javert

  • Race: Zerg Zerg
  • League: Grandmaster

VOD

Have the link to the VOD?

Description

Time

  • Played on: June 22, 2015, 11:20 p.m.
  • Length: 13:14
Show
View Real Time Build Order
Export as new Build Order

Spydeezy Zerg - Winner!

Build Orders: Hatch First 

Get SALT Encoding   

  12  0:01  Drone  
  13  0:08  Drone  
  14  0:21  Extractor  
  13  0:22  Drone x2, Extractor  
  13  0:26  Overlord  
  16  0:52  Hatchery  
  16  0:55  Drone x2  
  17  0:59  Drone  
  18  1:14  Spawning Pool  
  18  1:16  Drone  
  18  1:19  Extractor  
  18  1:22  Drone  
  18  1:27  Drone  
  19  1:38  Overlord  
  19  1:49  Drone  
  20  2:02  Drone  
  20  2:03  Queen  
  20  2:04  Queen  
  20  2:05  Zergling x2  
  26  2:10  Drone  
  26  2:14  Drone  
  28  2:21  Overlord  
  28  2:25  Drone  
  28  2:26  Metabolic Boost  
  29  2:32  Drone  
  29  2:36  Drone  
  31  2:45  Drone  
  31  2:46  Baneling Nest  
  31  2:48  Drone  
  32  2:57  Zergling x2  
  32  3:02  Zergling x2  
  32  3:04  Zergling x2  
  34  3:12  Zergling x2  
  35  3:13  Zergling x10  
  35  3:14  Overlord  
  35  3:15  Zergling x4  
  42  3:23  Zergling x2  
  42  3:25  Zergling x2  
  44  3:29  Queen  
  43  3:37  Drone  
  43  3:40  Hatchery  
  43  3:47  Drone  
  44  3:48  Drone  
  44  3:49  Drone x2  
  46  4:03  Drone  
  46  4:04  Drone x3  
  50  4:11  Drone  
  50  4:12  Drone  
  50  4:14  Overlord x2  
  49  4:28  Zergling x2  
  49  4:29  Zergling x4  
  50  4:38  Drone x2  
  50  4:39  Drone x2  
  50  4:41  Lair  
  52  4:49  Extractor  
  52  4:50  Extractor  
  52  4:52  Zergling x2  
  51  4:54  Queen  
  53  5:00  Zergling x8  
  57  5:11  Zergling x2  
  57  5:12  Zergling x2  
  53  5:15  Zergling x2  
  54  5:35  Zergling x2  
  48  5:40  Zergling x6  
  48  5:42  Queen  
  49  5:46  Zergling x10  
  49  5:47  Zergling x10  
  59  5:54  Spire, Extractor  
  57  6:00  Overlord x2  
  57  6:01  Zergling x2  
  57  6:02  Zergling x8  
  58  6:22  Zergling x12  
  62  6:33  Drone  
  62  6:34  Drone x2  
  57  6:58  Drone  
  55  7:04  Drone  
  55  7:05  Drone  
  54  7:12  Drone x5  
  54  7:13  Drone x12  
  69  7:15  Zerg Flyer Weapons Level 1  
  69  7:19  Extractor  
  69  7:22  Extractor  
  66  7:25  Zergling x2  
  66  7:26  Zergling x4  
  63  7:37  Mutalisk x3  
  63  7:43  Mutalisk  
  71  7:45  Mutalisk x2  
  71  7:46  Hatchery, Mutalisk  
  76  7:54  Mutalisk x2, Baneling x3  
  76  7:55  Zergling x2  
  81  8:00  Overlord x2  
  77  8:29  Queen  
  77  8:40  Drone x13  
  77  8:41  Drone x4  
  94  8:47  Infestation Pit  
  93  8:49  Evolution Chamber  
  93  8:50  Evolution Chamber  
  93  8:52  Drone  
  93  8:53  Drone x3  
  95  9:00  Drone x2  
  97  9:12  Extractor  
  97  9:14  Extractor  
  95  9:22  Zergling x2  
  95  9:23  Hatchery  
  95  9:28  Mutalisk, Zerg Flyer Weapons Level 2  
  95  9:30  Hive, Mutalisk  
  95  9:31  Mutalisk x2  
  99  9:33  Overlord x3  
  99  9:34  Overlord  
  103  9:53  Spore Crawler  
  103  9:54  Mutalisk x4  
  103  9:55  Spore Crawler, Mutalisk x3  
  103  9:56  Mutalisk x3  
  103  9:57  Mutalisk x2  
  125  10:01  Zerg Ground Armor Level 1, Zerg Melee Weapons Level 1  
  125  10:04  Zergling x4  
  125  10:06  Overlord  
  124  10:33  Queen  
  126  10:36  Drone  
  126  10:37  Drone x6, Queen  
  126  10:41  Zergling x2  
  136  10:50  Ultralisk Cavern  
  136  10:54  Zergling x2  
  136  10:55  Zergling x22  
  147  11:01  Zergling x2  
  147  11:02  Zergling x8  
  148  11:26  Overlord x6  
  141  11:43  Chitinous Plating  
  139  11:48  Ultralisk x6  
  139  11:49  Ultralisk  
  139  11:50  Ultralisk  
  182  11:56  Overlord  
  176  12:11  Overlord  
  176  12:12  Ultralisk x3  
  192  12:19  Extractor x2  
  190  12:33  Ultralisk  
  190  12:34  Zergling x4  
Show
View Real Time Build Order
Export as new Build Order

Javert Zerg 

Build Orders: Hatch First, Zergling Baneling 

Get SALT Encoding   

  12  0:01  Drone  
  13  0:13  Overlord  
  13  0:19  Drone  
  14  0:31  Drone x2  
  16  0:50  Hatchery  
  16  0:53  Drone  
  16  0:55  Extractor  
  15  0:57  Drone  
  15  1:00  Drone  
  17  1:15  Spawning Pool  
  16  1:23  Drone  
  17  1:26  Drone  
  17  1:30  Drone  
  19  1:41  Overlord  
  19  1:51  Drone  
  20  2:03  Queen  
  20  2:05  Metabolic Boost, Queen  
  24  2:11  Zergling x2  
  24  2:13  Zergling x2  
  26  2:24  Zergling x6  
  26  2:25  Zergling x2  
  30  2:38  Drone x2  
  32  2:49  Drone x2  
  35  2:58  Drone x2  
  36  3:07  Baneling Nest  
  36  3:08  Overlord  
  36  3:10  Overlord  
  33  3:31  Zergling x12  
  33  3:32  Zergling x4  
  39  3:53  Baneling x3  
  39  3:59  Drone x5  
  43  4:04  Baneling x2  
  43  4:24  Zergling x18  
  47  4:47  Baneling x4  
  47  4:48  Baneling x2  
  47  4:53  Drone  
  47  4:54  Drone x4  
  47  4:59  Queen, Extractor  
  51  5:00  Extractor  
  51  5:02  Overlord  
  51  5:03  Overlord  
  52  5:08  Hatchery  
  52  5:12  Zergling x6  
  51  5:14  Overlord x2  
  41  5:43  Drone  
  41  5:44  Drone x6  
  48  6:01  Baneling x3  
  48  6:05  Zergling x6  
  48  6:23  Zergling x2  
  48  6:24  Zergling x18  
  54  6:35  Lair  
  54  6:39  Baneling x2  
  53  6:48  Drone x4  
  47  7:03  Zergling x12  
  42  7:21  Zergling x16  
  44  7:37  Drone  
  44  7:38  Drone x3  
  48  7:49  Spire  
  48  7:51  Drone x6  
  50  7:52  Drone x2  
  50  7:56  Baneling  
  50  7:57  Baneling x14  
  55  8:06  Drone x3  
  55  8:10  Drone  
  50  8:29  Drone  
  50  8:30  Drone x7  
  50  8:32  Spore Crawler  
  50  8:33  Spore Crawler  
  50  8:34  Spore Crawler  
  54  8:35  Spore Crawler  
  54  8:37  Spore Crawler  
  50  8:58  Spore Crawler  
  50  9:00  Mutalisk x4  
  57  9:03  Overlord  
  57  9:06  Extractor  
  57  9:09  Overlord x2  
  56  9:21  Overlord x2  
  56  9:27  Corruptor  
  56  9:28  Corruptor  
  60  9:34  Corruptor  
  62  9:45  Corruptor x2  
  66  9:54  Roach Warren  
  65  10:00  Mutalisk, Infestation Pit  
  65  10:01  Mutalisk  
  67  10:18  Mutalisk  
  67  10:19  Mutalisk  
  71  10:34  Mutalisk  
  71  10:35  Mutalisk  
  73  10:37  Drone  
  73  10:38  Drone x9  
  85  10:52  Spore Crawler  
  85  10:56  Spore Crawler, Roach x3  
  79  11:20  Roach x5  
  75  11:50  Spore Crawler  
  75  11:51  Spore Crawler, Mutalisk x6  
  85  12:15  Spore Crawler  
  84  12:29  Spore Crawler  
  83  12:31  Overlord x2  
Tags
 
Add a new tag
Caveats
  • Supply blocks, unpowered buildings, or Contaminate may cause inaccurate times.
  • Supply counts are checked every 10 seconds.